cohdb
Replays
Latest Replays
All Replays
Popular Replays
Top Player Replays
Match Explorer
How It Works
Community
CoH3 Stats
Reddit
Sign in to upload your games and track your stats! →
Sign in with Steam
Match 42719744
Unlisted
Match 42719744
Overview
Messages
Build Orders
End
Selects Italian Combined Arms Battlegroup
Selects Bersaglieri Squad
Bersaglieri Squad
Bersaglieri Squad
Bersaglieri Squad
Construct Light Support Kompanie
2.5-tonne Medical Truck
MG34 Team
Selects Bersaglieri Bolster
Fire Support Elements
Flakvierling Half-track
Selects Breda Model 30 Light Machine Guns
Vehicle Survival Package
Tungsten Core Ammunition
DoMxNightM4rE
💧CheckO ||30|| FpS💧
BigTiddyLebron
kreumat
0
0
Comments
sign in to comment!
No comments posted yet!